 Dungeon Crawl Stone Soup version 0.21-a0-630-g344d351 (webtiles) character file.

353 tinyterror the Ruffian (level 6, -1/62 HPs)
             Began as a Troll Monk on Dec 24, 2017.
             Slain by Gerstahl's ghost (9 damage)
             ... on level 4 of the Dungeon on Dec 25, 2017.
             The game lasted 00:03:55 (2750 turns).

tinyterror the Ruffian (Troll Monk)                 Turns: 2750, Time: 00:03:55

Health: -1/62      AC:  6    Str: 22    XL:     6   Next: 35%
Magic:  5/5        EV: 10    Int: 11    God:
Gold:   191        SH:  0    Dex: 12    Spells: 5/5 levels left

rFire    . . .     SeeInvis .     - Unarmed
rCold    . . .     Gourm    +   (no shield)
rNeg     . . .     Faith    .   a - +1 robe
rPois    .         Spirit   .   (helmet restricted)
rElec    .         Reflect  .   (no cloak)
rCorr    .         Harm     .   (gloves unavailable)
MR       .....                  (boots unavailable)
Stlth    ++........             (no amulet)
HPRegen  0.60/turn              (no ring)
MPRegen  0.09/turn              (no ring)

@: brilliant
A: large, unfitting armour, claws 3, fast metabolism 3, gourmand, regeneration
1, shaggy fur 1, tough skin 2
a: no special abilities


You were on level 4 of the Dungeon.
You were very full.

You visited 1 branch of the dungeon, and saw 4 of its levels.

You collected 191 gold pieces.

Inventory:

Missiles
 j - 20 stones (quivered)
Armour
 a - a +1 robe (worn)
Jewellery
 d - an uncursed amulet of the gourmand {unknown}
Scrolls
 c - a scroll of magic mapping
 g - 2 scrolls of remove curse
 i - a scroll of enchant weapon {unknown}
 k - 3 scrolls of teleportation {unknown}
 l - 6 scrolls of identify {unknown}
 o - a scroll of blinking {unknown}
 p - a scroll of fear {unknown}
 q - a scroll of amnesia {unknown}
Potions
 e - a potion of curing {unknown}
 f - a potion of lignification {unknown}
 h - a potion of brilliance
 m - a potion of invisibility {unknown}
 n - a potion of cancellation {unknown}
Comestibles
 b - 8 rations


   Skills:
 + Level 3.9 Fighting
 - Level 2.4 Dodging
 - Level 1.0 Stealth
 * Level 6.1 Unarmed Combat


You had 5 spell levels left.
You didn't know any spells.

Dungeon Overview and Level Annotations

Branches:
Dungeon (4/15)
 Temple: D:4-7

Altars:

Annotations:
D:4 Gerstahl's ghost, novice HuGl


Innate Abilities, Weirdness & Mutations

You are too large for most types of armour.
You have claws for hands.
Your metabolism is lightning-fast.
You like to eat raw meat.
Your natural rate of healing is unusually fast.
You are covered in fur. (AC +1)
You have very tough skin. (AC +2)


Message History

You closely miss Gerstahl's ghost.
Gerstahl's ghost is moderately damaged.
Gerstahl's ghost hits you.
You barely miss Gerstahl's ghost.
Gerstahl's ghost is moderately damaged.
Gerstahl's ghost hits you!
You scratch Gerstahl's ghost.
Gerstahl's ghost is moderately damaged.
Gerstahl's ghost hits you!
* * * LOW HITPOINT WARNING * * *
You claw Gerstahl's ghost!
Gerstahl's ghost is heavily damaged.
Gerstahl's ghost hits you.
* * * LOW HITPOINT WARNING * * *
Unknown command.
Okay, then.
It was a potion of brilliance.
You feel clever all of a sudden. Gerstahl's ghost hits you!
You die...

####.......#.##.#.#>#
..##......)#.<......#
#..........######.###
####.......# #.#
#.......# ##.#
........# #..# #
.######## #.## . #.#
#. #@# #W# #.#
..........#
####.####.# .. .# #.8
# #. .


You could see Gerstahl's ghost.

Vanquished Creatures
  A scorpion (D:4)
  A hound (D:4)
  A bullfrog skeleton (D:4)
  An orc wizard (D:3)
  An iguana (D:3)
  A worker ant (D:4)
  A gnoll (D:1)
  4 adders
  3 oozes
  5 worms
  2 dart slugs (D:2)
  4 leopard geckos
  8 orcs (D:3)
  7 ball pythons
  A bat (D:1)
  3 giant cockroaches
  4 goblins
  9 hobgoblins
  8 jackals
  4 quokkas
  3 frilled lizards
  10 kobolds
  6 rats
  2 bushes (D:4)
90 creatures vanquished.

Notes
Turn   | Place    | Note
-------+----------+-------------------------------------------
     0 | D:1      | tinyterror the Troll Monk began the quest for the Orb.
     0 | D:1      | Reached XP level 1. HP: 22/22 MP: 0/0
    66 | D:1      | Reached XP level 2. HP: 25/29 MP: 1/1
   874 | D:1      | Reached XP level 3. HP: 36/36 MP: 2/2
   985 | D:2      | Reached skill level 4 in Unarmed Combat
  1335 | D:2      | Reached XP level 4. HP: 45/45 MP: 3/3
  1817 | D:3      | Reached skill level 5 in Unarmed Combat
  1817 | D:3      | Reached XP level 5. HP: 36/53 MP: 4/4
  2279 | D:3      | Upgraded the game from 0.21-a0-625-g1119ec1 to 0.21-a0-630-g344d351
  2336 | D:4      | Reached XP level 6. HP: 62/62 MP: 5/5
  2368 | D:4      | Reached skill level 6 in Unarmed Combat
  2736 | D:4      | Noticed Gerstahl's ghost (novice HuGl)
  2750 | D:4      | Slain by Gerstahl's ghost

Vault maps used:
D:1:      dpeg_arrival_arbitrary_b
D:3:      first_ration, guppyfry_early_lair_pool
D:4:      grunt_gozag_statues, minmay_hedge_maze, grunt_decor_mini_mirrors,
          uniq_blork_the_orc

Skill      XL: |  1  2  3  4  5  6 |
---------------+-------------------+-----
Unarmed Combat | 4 5 6 |  6.1
Fighting       | 3 |  3.9
Dodging        | |  2.4
Stealth        | |  1.0

Action                   |  1- 3 |  4- 6 || total
-------------------------+-------+-------++-------
Melee: Unarmed           |    85 |   194 ||   279
       Punch             |     1 |     5 ||     6
  Use: Scroll            |       |     3 ||     3
       Potion            |       |     1 ||     1
 Stab: Sleeping          |     5 |     3 ||     8
       Distracted        |     1 |       ||     1
  Eat: Chunk             |    18 |    11 ||    29
Armor: Robe              |    15 |    26 ||    41
Dodge: Dodged            |    30 |    60 ||    90

Table legend:
 A = Spawn XP
 B = Non-spawn XP
 C = Spawn XP percentage of total XP
 D = Spawn monster count
 E = Non-spawn monster count
 F = Spawn count percentage of total count
 G = Total turns spent on level
                    A         B        C        D         E        F      G
               +---------+---------+-------+---------+---------+-------+---------
         Total |       0 |     505 |   0.0 |       0 |      88 |   0.0 |  2750
               +---------+---------+-------+---------+---------+-------+---------
           D:1 |       0 |      51 |   0.0 |       0 |      16 |   0.0 |   980
           D:2 |       0 |      66 |   0.0 |       0 |      28 |   0.0 |   672
           D:3 |       0 |     174 |   0.0 |       0 |      34 |   0.0 |   664
           D:4 |       0 |     214 |   0.0 |       0 |      10 |   0.0 |   434
               +---------+---------+-------+---------+---------+-------+---------
